 Dungeon Crawl Stone Soup version 0.29.1-1-gd02db6906a (webtiles) character file.

Game seed: 3954420136956591559

596 bigdar the Chopper (level 7, -2/88 HPs)
             Began as a Minotaur Gladiator on Oct 12, 2022.
             Was an Initiate of Okawaru.
             Killed from afar by Dowan (16 damage)
             ... with a shard of ice
             ... on level 4 of the Dungeon.
             The game lasted 00:09:00 (4732 turns).

bigdar the Chopper (Minotaur Gladiator)             Turns: 4732, Time: 00:09:01

Health: -2/88      AC:  9    Str: 21    XL:     7   Next: 17%
Magic:  6/6        EV: 12    Int:  5    God:    Okawaru [......]
Gold:   153        SH:  0    Dex: 11    Spells: 6/6 levels left

rFire   . . .      SeeInvis .   a - +0 war axe
rCold   . . .      Faith    .   (no shield)
rNeg    . . .      Spirit   .   h - +0 ring mail
rPois   .          Reflect  .   c - +0 hat
rElec   .          Harm     .   (no cloak)
rCorr   .          Rampage  .   (no gloves)
Will    .....                   z - +2 pair of boots
Stlth   ..........              (no amulet)
HPRegen 0.24/turn               t - ring of flight
MPRegen 0.10/turn               m - ring of wizardry

@: berserking, lethally poisoned (-2 -> -6), lit by a corona, weak-willed,
flying, glowing, very quick
A: horns 2, retaliatory headbutt
a: Renounce Religion


You were on level 4 of the Dungeon.
You worshipped Okawaru.
Okawaru was noncommittal.
You visited 1 branch of the dungeon, and saw 4 of its levels.

You collected 153 gold pieces.

Inventory:

Hand Weapons
 a - a +0 war axe (weapon)
 f - a +0 scythe
Missiles
 d - 3 throwing nets (quivered)
 e - a javelin
Armour
 b - a +0 leather armour
 c - a +0 hat (worn)
 h - a +0 ring mail (worn)
 z - a +2 pair of boots (worn)
Jewellery
 m - a ring of wizardry (right hand)
 t - a ring of flight (left hand)
 v - a ring of resist corrosion
Wands
 r - a wand of digging (3)
Scrolls
 j - 2 scrolls of fog
 k - a scroll of teleportation {unknown}
 n - a scroll of amnesia {unknown}
 o - 2 scrolls of magic mapping
 u - 3 scrolls of vulnerability
 w - a scroll of brand weapon {unknown}
 y - a scroll of fear {unknown}
Potions
 g - a potion of lignification
 i - 2 potions of attraction
 l - a potion of degeneration {unknown}
 q - 3 potions of magic
 s - a potion of mutation


   Skills:
 + Level 4.2 Fighting
 + Level 6.5 Axes
 + Level 2.1 Throwing
 + Level 5.2 Armour
 + Level 4.1 Dodging
 + Level 1.2 Stealth


You had 6 spell levels left.
You didn't know any spells.
Your spell library contained the following spells:

 Spells                   Type           Power      Damage    Failure   Level
 Static Discharge         Conj/Air       0%         3-3/arc   43%         2
 Ignite Poison            Fire/Tmut/Pois 0%         N/A       65%         3
 Mephitic Cloud           Conj/Pois/Air  0%         N/A       65%         3
 Freezing Cloud           Conj/Ice/Air   0%         6-21      100%        5
 Lightning Bolt           Conj/Air       0%         1d11      100%        5
 Maxwell's Capacitive Co  Air            0%         ∞         100%        8


Dungeon Overview and Level Annotations

Branches:
Dungeon (4/15)
 Temple: D:4-7

Altars:
Dithmenos
Okawaru
Trog

Annotations:
D:4 Dowan


Innate Abilities, Weirdness & Mutations

You have a pair of horns on your head.
You reflexively headbutt those who attack you in melee.


Message History

Duvessa hits you with a +1 short sword of electrocution.
Dowan hits you but does no damage. The scorpion barely misses you.
Duvessa barely misses you.
You slash Duvessa!
Duvessa is severely wounded.
You hit Dowan. You closely miss the scorpion.
You feel sick. Dowan casts a spell at you. The puff of flame hits you!
The scorpion barely misses you. You furiously retaliate!
You headbutt the scorpion!
You kill the scorpion!
Okawaru accepts your kill.
Duvessa hits you with a +1 short sword of electrocution.
Your Fighting skill increases to level 4!
You slice Duvessa!!
You kill Duvessa!
Okawaru accepts your kill.
Dowan seems overcome with grief.
Dowan seems to find hidden reserves of power!
You closely miss Dowan.
You feel sick. Dowan gestures at you while chanting. The stone arrow hits you!
* * * LOW HITPOINT WARNING * * *
Your Armour skill increases to level 5!
You have reached level 7!
You feel sick.
Dowan says, "Magic will overcome all!"
Dowan barely misses you.
Things that are here:
a +1 short sword of electrocution; a +0 leather armour; the elf corpse of Duvessa You hit Dowan.
Dowan is severely wounded.
You feel sick. Dowan hits you with a +0 dagger.
* * * LOW HITPOINT WARNING * * *
Dowan hits you but does no damage.
You closely miss Dowan.
Dowan is severely wounded.
You feel sick. Dowan gestures at you while chanting. The shard of ice hits you!
You die...

#####..###.####+######.
#.............#.......
#.............#.......
..............#...... ..
....<.........#..... ..#
...##...###..##...# ...#
##'##+#####..##§§.##...#
#..# #...'.§§§§.....
#..# ..+...#§e@§§(....
...# ..#...#§§§§§§....
...+ <..#...#§§§§§.....
#..# ...########§###.###
#..##...## #..# ..
#.†......#..............
#........#...........###
#..##...##+#####.....#=)
#..##...# #.....#?!


You could see Dowan (fast, weak-willed).

Vanquished Creatures
  Sigmund (D:2)
  Duvessa (D:4)
  A scorpion (D:4)
  A hound (D:4)
  An orc priest (D:3)
  2 iguanas (D:4)
  An orc wizard (D:3)
  Robin (D:2)
  A gnoll (D:3)
  3 adders
  A white imp (D:4)
  2 worms
  3 dart slugs
  4 orcs (D:3)
  6 ball pythons
  3 bats (D:1)
  7 endoplasms
  3 giant cockroaches
  15 goblins
  6 hobgoblins
  6 quokkas
  6 frilled lizards
  8 kobolds
  7 rats
90 creatures vanquished.

Notes
Turn   | Place    | Note
-------+----------+-------------------------------------------
     0 | D:1      | bigdar the Minotaur Gladiator began the quest for the Orb.
     0 | D:1      | Reached XP level 1. HP: 18/18 MP: 0/0
   335 | D:1      | Reached XP level 2. HP: 6/25 MP: 1/1
   338 | D:1      | Reached skill level 4 in Axes
  1199 | D:1      | Reached skill level 1 in Armour
  1199 | D:1      | Reached XP level 3. HP: 29/30 MP: 2/2
  1475 | D:2      | You fall into a shaft and drop 2 floors!
  1708 | D:4      | Reached XP level 4. HP: 37/37 MP: 3/3
  1767 | D:4      | Reached skill level 5 in Axes
  1959 | D:2      | Noticed Sigmund
  1990 | D:2      | Killed Sigmund
  1991 | D:2      | Reached XP level 5. HP: 18/45 MP: 4/4
  1991 | D:2      | Reached XP level 6. HP: 21/51 MP: 5/5
  2558 | D:2      | Found a bloodstained altar of Trog.
  2697 | D:2      | Noticed Robin
  2718 | D:2      | Killed Robin
  2719 | D:2      | Reached skill level 6 in Axes
  3519 | D:3      | Found a shadowy altar of Dithmenos.
  3576 | D:3      | Reached skill level 1 in Stealth
  4262 | D:3      | Found an iron altar of Okawaru.
  4262 | D:3      | Found a bloodstained altar of Trog.
  4275 | D:3      | Became a worshipper of Warmaster Okawaru
  4706 | D:4      | Noticed Dowan
  4715 | D:4      | Noticed Duvessa
  4729 | D:4      | Killed Duvessa
  4730 | D:4      | Reached skill level 5 in Armour
  4730 | D:4      | Reached XP level 7. HP: 20/59 MP: 6/6
  4732 | D:4      | Killed from afar by Dowan

Illustrated notes

Levels and vault maps discovered:
D:1:      minmay_arrival_hallway, layout_basic, roderic_lattice_a,
          minmay_misc_feat_alley, minmay_three_crescents
D:2:      layout_basic, basic_altar, minmay_misc_feat_enclosed, uniq_sigmund,
          uniq_robin
D:3:      layout_basic, lemuel_tele_altar, grunt_temple_overflow_bloody_war,
          minmay_misc_feat_ornament
D:4:      layout_gridville, due_unseen_surprise, uniq_ijyb, uniq_duvessa

Skill      XL: |  1  2  3  4  5  6 |
---------------+-------------------+-----
Axes           | 4 5 6 |  6.5
Armour         | 1 3 5 |  5.2
Fighting       | 3 4 |  4.2
Dodging        | 4 |  4.1
Stealth        | 1 |  1.2
Throwing       | |  2.1

Action                   |  1- 3 |  4- 6 |  7- 9 || total
-------------------------+-------+-------+-------++-------
Melee: War axe           |    64 |   109 |     2 ||   175
       Headbutt          |     7 |    20 |       ||    27
       Punch             |     1 |       |       ||     1
  Use: Scroll            |       |     7 |       ||     7
       Potion            |       |     4 |       ||     4
 Stab: Invisible         |       |     1 |       ||     1
Armor: Leather armour    |     5 |       |       ||     5
       Ring mail         |    18 |    44 |     1 ||    63
Dodge: Dodged            |    48 |    69 |     1 ||   118
